 Dungeon Crawl Stone Soup version 0.21-a0-496-g696f58f (webtiles) character file.

2029 exp172 the Slasher (level 9, 0/66 HPs)
             Began as a Demonspawn Chaos Knight on Nov 23, 2017.
             Shot with an arrow by a centaur (4 damage)
             ... on level 8 of the Dungeon.
             The game lasted 00:43:27 (5474 turns).

exp172 the Slasher (Demonspawn Chaos Knight)        Turns: 5474, Time: 00:43:28

Health: 0/66       AC: 14    Str: 15    XL:     9   Next: 3%
Magic:  9/9        EV:  7    Int: 14    God:    Xom [..*...]
Gold:   55         SH:  5    Dex: 16    Spells: 8/8 levels left

rFire    . . .     SeeInvis .   B - +3 long sword
rCold    + . .     Gourm    .   t - +0 buckler
rNeg     . . .     Faith    .   n - +0 chain mail
rPois    .         Spirit   .   (helmet restricted)
rElec    .         Reflect  .   (no cloak)
rCorr    .         Harm     .   G - +0 pair of gloves {Dex+3}
MR       .....                  (no boots)
Stlth    ..........             (no amulet)
HPRegen  0.21/turn              L - ring of protection from cold
MPRegen  0.11/turn              (no ring)

@: no status effects
A: horns 1, talons 1, thin metallic scales 2, spiny 2
a: Renounce Religion


You were on level 8 of the Dungeon.
You worshipped Xom.
You were a toy of Xom.
You were not hungry.

You visited 1 branch of the dungeon, and saw 8 of its levels.
You also visited: Sewer.

You collected 246 gold pieces.
You spent 191 gold pieces at shops.

Inventory:

Hand Weapons
 a - a +0 falchion of chaos
 w - a +2 short sword of venom
 y - a +0 hand axe of freezing
 A - a +2 shortbow of freezing
 B - a +3 long sword (weapon)
Missiles
 h - 135 stones
 l - 66 arrows (quivered)
Armour
 n - a +0 chain mail (worn)
 t - a +0 buckler (worn)
 x - the cursed +0 helmet of the Eternal Fruit {rC+ Str+3}
   (You found it on level 4 of the Dungeon)

   It affects your strength (+3).
   It protects you from cold.
   It has a curse placed upon it.
 G - a +0 pair of gloves of dexterity (worn)
Jewellery
 L - a ring of protection from cold (left hand)
Wands
 E - a wand of iceblast (5)
 H - a wand of disintegration (12)
 K - a wand of acid (14)
Scrolls
 b - 2 scrolls of fog {unknown}
 d - 3 scrolls of teleportation
 e - a scroll of immolation
 m - 4 scrolls of identify
 o - a scroll of fear {unknown}
 q - 2 scrolls of enchant weapon {unknown}
 s - 2 scrolls of remove curse {unknown}
 u - a scroll of magic mapping {unknown}
 z - a scroll of amnesia {unknown}
 D - a scroll of enchant armour {unknown}
 I - a scroll of blinking {unknown}
Potions
 g - 2 potions of lignification {unknown}
 i - 4 potions of curing
 j - 3 potions of agility
 k - 4 potions of mutation {unknown}
 p - a potion of flight {unknown}
 r - a potion of degeneration {unknown}
 v - a potion of heal wounds {unknown}
 C - 2 potions of might {unknown}
 J - a potion of brilliance {unknown}
Comestibles
 c - 4 bread rations
 f - 2 fruits
 F - 2 meat rations


   Skills:
 + Level 4.5 Fighting
 - Level 4.1(5.6) Short Blades
 * Level 5.9(6.5) Long Blades
 * Level 1.6 Bows
 + Level 0.4 Throwing
 * Level 5.8 Armour
 + Level 2.2 Dodging
 + Level 1.2 Stealth
 * Level 3.6 Shields


You had 8 spell levels left.
You didn't know any spells.

Dungeon Overview and Level Annotations

Branches:
Dungeon (8/15)             Temple (0/1) D:6
   Lair: D:8-11

Altars:
Cheibriados
Elyvilon
Gozag
Hepliaklqana
Makhleb
Nemelex Xobeh
Okawaru
Uskayaw
Vehumet
Zin

Shops:
D:6 (


Innate Abilities, Weirdness & Mutations

You have sharp toenails.
You are mostly covered in thin metallic scales. (AC +3)
You are mostly covered in sharp spines.
You have a pair of small horns on your head.


Message History

The orc throws a tomahawk.
You block the tomahawk.
The centaur shoots an arrow.
The arrow hits you but does no damage. The orc hits you but does no damage.
You hit the orc priest but do no damage.
You claw the orc priest.
You kill the orc priest!
The centaur shoots an arrow.
You block the arrow. The orc hits you but does no damage.
Your chain mail prevents you from hitting the orc.
Your kick misses the orc. You headbutt the orc, but do no damage.
The centaur shoots an arrow.
The arrow closely misses you. The orc hits you but does no damage.
You barely miss the orc. You headbutt the orc, but do no damage.
The centaur shoots an arrow.
The arrow hits you but does no damage. The orc hits you but does no damage.
The centaur shoots an arrow.
You block the arrow. You block the orc's attack.
You hit the orc.
The orc is heavily wounded.
The centaur shoots an arrow.
The arrow hits you.
You die...
Xom titters!

######
#####....#.#.##
......)@o.....>
###.#.o....#...
#..c.### #.....
#####.# .# ##


You could see a centaur and 2 orcs.

Vanquished Creatures
  A warg (D:8)
  A water moccasin (D:3)
  3 sky beasts
  2 ogres
  3 phantoms
  2 bullfrogs (Sewer)
  A scorpion (D:5)
  A wyvern skeleton (D:6)
  2 howler monkeys
  2 crimson imps (D:5)
  2 jellies
  3 orc priests
  A bullfrog skeleton (D:3)
  A hound (D:4)
  A centaur skeleton (D:4)
  5 worker ants
  A worker ant zombie (D:6)
  3 gnolls (D:2)
  11 adders
  A shadow imp (D:7)
  8 oozes (Sewer)
  A worm (D:2)
  An adder skeleton (D:7)
  2 dart slugs
  20 leopard geckos
  16 orcs
  10 ball pythons
  15 giant cockroaches
  7 hobgoblins
  10 jackals
  A quokka (D:4)
  8 bats
  18 frilled lizards
  9 goblins
  4 kobolds
  A quokka skeleton (D:7)
  9 rats
187 creatures vanquished.

Notes
Turn   | Place    | Note
-------+----------+-------------------------------------------
     0 | D:1      | exp172 the Demonspawn Chaos Knight began the quest for the Orb.
     0 | D:1      | Reached XP level 1. HP: 18/18 MP: 1/1
   183 | D:1      | Gained mutation: You are partially covered in sharp spines. [demonic ancestry]
   183 | D:1      | Reached XP level 2. HP: 21/24 MP: 2/2
   204 | D:1      | XOM: silly message
   618 | D:1      | XOM: harmless Pois miscast
   657 | D:1      | XOM: silly message
   842 | D:2      | XOM: harmless Necr miscast
   879 | D:2      | Gained mutation: You are partially covered in thin metallic scales. (AC +2) [demonic ancestry]
   879 | D:2      | Reached XP level 3. HP: 27/29 MP: 3/3
   903 | D:2      | Reached skill level 1 in Dodging
   924 | D:2      | Found a radiant altar of Vehumet.
  1067 | D:2      | XOM: divination: magic mapping
  1089 | D:2      | Reached XP level 4. HP: 35/35 MP: 4/4
  1530 | D:3      | Found a faded altar of an unknown god.
  1576 | D:3      | XOM: noise
  1579 | D:3      | Noticed a sky beast
  1581 | D:3      | XOM: enchant monster (good)
  1597 | D:3      | Reached XP level 5. HP: 35/41 MP: 5/5
  1611 | D:3      | XOM: confuse monster(s)
  1923 | D:3      | XOM: divination: detect creatures
  1984 | D:3      | Noticed a water moccasin
  1988 | D:3      | XOM: divination: detect items
  1993 | D:3      | Killed a water moccasin
  1993 | D:3      | Reached skill level 1 in Shields
  2167 | D:3      | XOM: cloud trail
  2195 | D:3      | Found an iron altar of Okawaru.
  2333 | D:3      | XOM: potion effect (invisibility)
  2350 | D:4      | Gained mutation: You are mostly covered in sharp spines. [demonic ancestry]
  2350 | D:4      | Reached XP level 6. HP: 47/47 MP: 6/6
  2353 | D:4      | XOM: divination: detect items
  2356 | D:4      | Reached skill level 1 in Short Blades
  2356 | D:4      | Reached skill level 1 in Stealth
  2370 | D:4      | Killed a sky beast
  2388 | D:4      | XOM: medium Air miscast
  2618 | D:4      | Got a transparent helmet
  2624 | D:4      | Identified the cursed +0 helmet of the Eternal Fruit {rC+ Str+3} (You found it on level 4 of the Dungeon)
  2635 | D:4      | XOM: blink monster(s)
  2636 | D:4      | XOM: confuse monster(s)
  2702 | D:4      | XOM: fake destruction
  2827 | D:4      | XOM: enchant monster (good)
  2834 | D:4      | Reached XP level 7. HP: 53/53 MP: 7/7
  3031 | D:4      | Found a snail-covered altar of Cheibriados.
  3031 | D:4      | Found a sparkling altar of Nemelex Xobeh.
  3031 | D:4      | Found an opulent altar of Gozag.
  3032 | D:4      | Found a hide-covered altar of Uskayaw.
  3041 | D:4      | Found a burning altar of Makhleb.
  3042 | D:4      | Found a glowing silver altar of Zin.
  3337 | D:5      | Entered Level 5 of the Dungeon
  3358 | D:5      | XOM: harmless Chrm miscast
  3626 | D:5      | Reached skill level 5 in Armour
  3794 | D:5      | Found a white marble altar of Elyvilon.
  3827 | D:5      | XOM: medium Tmut miscast
  3860 | D:5      | Gained mutation: You have a pair of small horns on your head. [mutagenic glow]
  4094 | D:5      | Found a glowing drain.
  4098 | Sewer    | Entered a sewer
  4152 | Sewer    | Gained mutation: You have sharp toenails. [demonic ancestry]
  4152 | Sewer    | Reached XP level 8. HP: 60/60 MP: 8/8
  4257 | Sewer    | XOM: noise
  4335 | Sewer    | XOM: fog
  4565 | D:6      | Found a staircase to the Ecumenical Temple.
  4633 | D:6      | Found Adiakhev's Weapon Boutique.
  4636 | D:6      | Bought a +2 shortbow of freezing for 191 gold pieces
  4859 | D:7      | Found a hazy altar of Hepliaklqana.
  5001 | D:7      | Reached skill level 5 in Long Blades
  5075 | D:7      | Reached skill level 1 in Bows
  5402 | D:8      | XOM: silly message
  5407 | D:8      | Gained mutation: You are mostly covered in thin metallic scales. (AC +3) [demonic ancestry]
  5407 | D:8      | Reached XP level 9. HP: 50/66 MP: 9/9
  5416 | D:8      | XOM: mild Pois miscast
  5469 | D:8      | HP: 3/66 [centaur/arrow (11)]
  5474 | D:8      | Shot with an arrow by a centaur

Vault maps used:
D:1:      sevenhm_arrival_forest_fort_large_2
D:2:      lemuel_crystal_altar, first_bread, minmay_strange_pillars,
          minmay_split_cup_large
D:3:      old_standard_altar, chequers_ecumenical_altar_twisty
D:4:      grunt_temple_overflow_open, minmay_misc_feat_tiny, minivault_14
D:5:      gup_sewer_entry_bowl, elyvilon_altar_1, uniq_sigmund
D:6:      minmay_temple_entry_from_below_a, serial_shops,
          nicolae_shop_window_shopping
D:7:      lemuel_round_altar, hex_large
D:8:      erik_lair_orcish_takeover
Sewer:    sewer_frog_island_02

Skill      XL: |  1  2  3  4  5  6  7  8 |
---------------+-------------------------+-----
Long Blades    | 3 4 5 |  5.9
Armour         | 2 3 4 5 |  5.8
Dodging        | 1 2 |  2.2
Shields        | 1 2 3 |  3.6
Short Blades   | 1 3 4 |  4.1
Stealth        | 1 |  1.2
Fighting       | 4 |  4.5
Bows           | 1 |  1.6
Throwing       | |  0.4

Action                   |  1- 3 |  4- 6 |  7- 9 || total
-------------------------+-------+-------+-------++-------
Melee: Falchion          |    79 |    80 |       ||   159
       Short sword       |       |    49 |   147 ||   196
       Headbutt          |       |       |    31 ||    31
       Long sword        |       |       |    67 ||    67
       Kick              |       |       |    46 ||    46
Throw: Stone             |       |       |     9 ||     9
  Use: Scroll            |       |     4 |     2 ||     6
       Potion            |       |       |     1 ||     1
 Stab: Petrifying        |     1 |       |       ||     1
       Invisible         |       |     1 |       ||     1
  Eat: Chunk             |     1 |     1 |     2 ||     4
       Fruit             |       |     1 |     1 ||     2
       Meat ration       |       |     1 |       ||     1
       Royal jelly       |       |       |     1 ||     1
       Bread ration      |       |       |     1 ||     1
Armor: Leather armour    |    12 |       |       ||    12
       Chain mail        |    20 |    69 |    88 ||   177
Dodge: Dodged            |    39 |    21 |    36 ||    96
Block: Buckler           |       |    13 |    48 ||    61
       Rpst.: Falchion   |    15 |     3 |       ||    18
       Long sword        |       |       |     3 ||     3

Table legend:
 A = Spawn XP
 B = Non-spawn XP
 C = Spawn XP percentage of total XP
 D = Spawn monster count
 E = Non-spawn monster count
 F = Spawn count percentage of total count
 G = Total turns spent on level
                    A         B        C        D         E        F      G
               +---------+---------+-------+---------+---------+-------+---------
         Total |       0 |    2899 |   0.0 |       0 |     187 |   0.0 |  5474
               +---------+---------+-------+---------+---------+-------+---------
           D:1 |       0 |      28 |   0.0 |       0 |      17 |   0.0 |   743
           D:2 |       0 |      95 |   0.0 |       0 |      22 |   0.0 |   438
           D:3 |       0 |     253 |   0.0 |       0 |      26 |   0.0 |  1162
           D:4 |       0 |     588 |   0.0 |       0 |      23 |   0.0 |   994
           D:5 |       0 |     422 |   0.0 |       0 |      14 |   0.0 |   786
           D:6 |       0 |     168 |   0.0 |       0 |       4 |   0.0 |   445
           D:7 |       0 |     507 |   0.0 |       0 |      13 |   0.0 |   465
           D:8 |       0 |     475 |   0.0 |       0 |       9 |   0.0 |   157
         Sewer |       0 |     363 |   0.0 |       0 |      59 |   0.0 |   284
               +---------+---------+-------+---------+---------+-------+---------
